[Event "Titled Tuesday Blitz August 15 Early 2023"]
[White "Schachpanda_Youtube"]
[Black "White, John S."]
[BlackFideId "2502348"]
[WhiteElo "2219"]
[BlackElo "2002"]
[Result "1-0"]
[Round "8"]
[TimeControl "180+1"]
[Date "2023.08.15"]
[WhiteClock "0:00:10"]
[BlackClock "0:00:07"]
[Board "179"]

1. e4 e6 2. Qe2 d5 3. exd5 Qxd5 4. Nc3 Qd8 5. b3 Nf6 6. Bb2 Nc6 7. Nf3 Be7 8. O-O-O Bd7 9. g4 Nxg4 10. Rg1 e5 11. h3 Nh6 12. Rxg7 Bf6 13. Rg1 Qe7 14. Nd5 Qd6 15. Nxf6+ Qxf6 16. d4 Qf4+ 17. Kb1 O-O-O 18. Nxe5 Nxe5 19. dxe5 Rhg8 20. Bg2 Nf5 21. Bc1 Qb4 22. Be4 Nd4 23. Qe3 Nb5 24. Bb2 Rxg1 25. Rxg1 h5 26. a4 Na3+ 27. Ka2 Nc4 28. bxc4 Qxa4+ 29. Kb1 Qxc4 30. Bd3 Qb4 31. Qxa7 Bc6 32. Bf5+ Rd7 33. Qa8# 1-0


[Site "https://www.chess.com"]

[Event "Titled Tuesday Blitz August 15 Early 2023"]
[White "Vargas, Mauricio"]
[Black "Tqebuchava, Zurab"]
[WhiteFideId "4404572"]
[BlackFideId "13601113"]
[WhiteElo "1878"]
[BlackElo "2192"]
[Result "0-1"]
[Round "8"]
[TimeControl "180+1"]
[Date "2023.08.15"]
[WhiteClock "0:00:00"]
[BlackClock "0:00:03"]
[Board "180"]

1. e4 d6 2. Nc3 g6 3. f4 Bg7 4. Bb5+ c6 5. Ba4 Nf6 6. d3 O-O 7. Nf3 Bg4 8. O-O c5 9. a3 a6 10. Bb3 Nc6 11. Nd5 Nd4 12. Ba2 Nxd5 13. Bxd5 Nxf3+ 14. gxf3 Bh3 15. Rf2 Bd4 16. c3 Bxf2+ 17. Kxf2 e6 18. Bxb7 Ra7 19. Bc6 Qh4+ 20. Ke2 d5 21. Qe1 Qh5 22. Qg3 dxe4 23. dxe4 c4 24. Be3 Rc7 25. Ba4 Rb8 26. f5 Rxb2+ 27. Ke1 Rcb7 28. Rd1 Rb1 29. Bc1 Rb8 30. Bc2 R1b7 31. f6 e5 32. Rd5 Be6 33. Rxe5 Qh3 34. Rc5 Qxg3+ 35. hxg3 Rd8 36. g4 Rbd7 37. g5 Rb7 38. Rc6 a5 39. Ra6 Rb5 40. Ba4 Rc5 41. Be3 Rc7 42. Bb6 Rcd7 43. Bxd8 Rxd8 44. Rxa5 h5 45. Rc5 h4 46. Kf2 h3 47. Kg3 Rd2 48. Rc8+ Kh7 49. Rd8 Rxd8 50. Bc6 Rd2 51. f4 h2 52. f5 gxf5 53. exf5 Bd5 0-1


[Site "https://www.chess.com"]

[Event "Titled Tuesday Blitz August 15 Early 2023"]
[White "Mesa Cruz, Juan Carlos"]
[Black "Hrescak, Ivana"]
[WhiteFideId "6423400"]
[BlackFideId "14613441"]
[WhiteElo "2419"]
[BlackElo "2246"]
[Result "0-1"]
[Round "8"]
[TimeControl "180+1"]
[Date "2023.08.15"]
[WhiteClock "0:00:00"]
[BlackClock "0:00:19"]
[Board "181"]

1. d4 d5 2. Nf3 Nf6 3. c4 c6 4. Nc3 dxc4 5. a4 Bf5 6. Ne5 Nbd7 7. Nxc4 Nb6 8. Ne5 a5 9. f3 Nfd7 10. Nxd7 Nxd7 11. e4 Bg6 12. Bc4 e5 13. d5 Qb6 14. dxc6 bxc6 15. Qe2 Bc5 16. Bg5 O-O 17. Bh4 Bd4 18. Bf2 Rab8 19. Ra2 Rfd8 20. O-O Nc5 21. Bxd4 exd4 22. Nd1 Nb3 23. Bxb3 Qxb3 24. Ra3 Qb4 25. Qd3 f6 26. Ra1 Bf7 27. Rc1 c5 28. Nf2 c4 29. Qd1 Qxb2 30. f4 d3 31. e5 fxe5 32. fxe5 Qxe5 33. Qf3 Qd5 34. Qg3 Rb6 35. Ng4 Rg6 36. Qf2 Rxg4 37. Rce1 d2 38. Rd1 c3 39. Qf3 Qxf3 40. Rxf3 Rc4 0-1


[Site "https://www.chess.com"]

[Event "Titled Tuesday Blitz August 15 Early 2023"]
[White "Cardenas Carbajal, Nilson"]
[Black "Willy, Stephen"]
[WhiteFideId "8401128"]
[BlackFideId "30981468"]
[WhiteElo "2135"]
[BlackElo "2503"]
[Result "0-1"]
[Round "8"]
[TimeControl "180+1"]
[Date "2023.08.15"]
[WhiteClock "0:00:10"]
[BlackClock "0:00:42"]
[Board "182"]

1. e4 e6 2. Nf3 d5 3. e5 d4 4. c3 c5 5. cxd4 cxd4 6. Bd3 Nc6 7. O-O g5 8. Qe2 Bg7 9. Qe4 h5 10. h3 Nh6 11. Na3 g4 12. hxg4 hxg4 13. Ne1 Nxe5 14. f4 Nxd3 15. Nxd3 Nf5 16. Re1 Rh1+ 17. Kxh1 Ng3+ 18. Kg1 Nxe4 19. Rxe4 Qd5 20. Re2 Bd7 21. Nc2 Rc8 22. Nce1 Bb5 23. b3 Qf5 0-1


[Site "https://www.chess.com"]

[Event "Titled Tuesday Blitz August 15 Early 2023"]
[White "Pein, Jonathan"]
[Black "Cheer_Down"]
[WhiteFideId "417092"]
[WhiteElo "2416"]
[BlackElo "2332"]
[Result "1-0"]
[Round "8"]
[TimeControl "180+1"]
[Date "2023.08.15"]
[WhiteClock "0:00:46"]
[BlackClock "0:01:12"]
[Board "183"]

1. e4 c5 2. Nf3 d6 3. d4 cxd4 4. Nxd4 Nf6 5. Nc3 a6 6. Nb3 g6 7. Be3 Bg7 8. Be2 Nc6 9. h4 h6 10. Qd2 Ng4 11. Bxg4 Bxg4 12. f3 Be6 13. Nd4 Rc8 14. Nxe6 fxe6 15. O-O-O Na5 16. Bd4 Nc4 17. Qd3 Bxd4 18. Qxd4 e5 19. Qd3 Qb6 20. b3 Qe3+ 21. Kb1 Nd2+ 22. Kb2 Nc4+ 23. bxc4 Qb6+ 24. Kc1 Qb4 25. Nd5 Rxc4 26. Nxb4 1-0


[Site "https://www.chess.com"]

[Event "Titled Tuesday Blitz August 15 Early 2023"]
[White "Bortnyk, Olexandr"]
[Black "Nihal Sarin"]
[WhiteFideId "14120828"]
[BlackFideId "25092340"]
[WhiteElo "3103"]
[BlackElo "3152"]
[Result "1/2-1/2"]
[Round "9"]
[TimeControl "180+1"]
[Date "2023.08.15"]
[WhiteClock "0:00:05"]
[BlackClock "0:00:10"]
[Board "1"]

1. d4 a6 2. e4 e6 3. c3 b5 4. Be3 Bb7 5. Bd3 Nf6 6. Nd2 Be7 7. f4 d6 8. Ngf3 O-O 9. h3 c5 10. O-O cxd4 11. cxd4 Nbd7 12. Qe1 Rc8 13. Qg3 Nb6 14. e5 Nfd5 15. Bf2 Nb4 16. Be4 Bxe4 17. Nxe4 N6d5 18. Nfd2 Kh8 19. a3 Nc6 20. Rac1 f5 21. exf6 Bxf6 22. Nxf6 Qxf6 23. Ne4 Nxf4 24. Nxf6 Ne2+ 25. Kh2 Nxg3 26. Bxg3 gxf6 27. Bxd6 Rfd8 28. Bg3 Kg7 29. Bh4 Rf8 30. Rc5 Ne7 31. Rxc8 Nxc8 32. Rc1 Ne7 33. Rc7 Kf7 34. Ra7 Rd8 35. Rxa6 Rxd4 36. Bf2 Rd2 37. Bc5 Nd5 38. b4 Nf4 39. Be3 Rxg2+ 40. Kh1 Rg3 41. Bxf4 Rxh3+ 42. Kg2 Rb3 43. Bd6 e5 44. Bc5 h5 45. a4 bxa4 46. Rxa4 Kg6 47. Ra6 h4 48. Be7 Kh5 49. Bxf6 Rxb4 50. Bxe5 Rb3 51. Ra8 Kg4 52. Ra4+ Kf5 53. Bc7 h3+ 54. Kh2 Rc3 55. Bg3 Rb3 56. Kxh3 Rd3 57. Rf4+ Ke6 58. Kg4 Re3 59. Bf2 Re2 60. Bd4 Kd5 61. Kf3 Ra2 62. Be3 Ra1 63. Rf5+ Ke6 64. Rh5 Ra4 65. Bc5 Rc4 66. Ke3 Ra4 67. Bd4 Ra2 68. Kf4 Re2 69. Be3 Re1 70. Ke4 Re2 71. Rh6+ Ke7 72. Kf4 Kd7 73. Ra6 Re1 74. Ra3 Ke6 75. Ke4 Re2 76. Rc3 Re1 77. Rc6+ Kd7 78. Rc2 Ke6 79. Kd3 Kd5 80. Rc5+ Ke6 81. Ra5 Kd6 82. Bf4+ Ke6 83. Ra8 Kd5 84. Rd8+ Kc6 85. Rc8+ Kd5 86. Rh8 Rd1+ 87. Bd2 Kd6 88. Rh2 Ke6 89. Ke4 Ra1 90. Rh6+ Kd7 91. Bc3 Rd1 92. Bd4 Kd8 93. Kd5 Kd7 94. Rh7+ Kd8 95. Ke5 Kc8 96. Bc5 Rd7 97. Rh8+ Kb7 98. Bd6 Rg7 99. Rb8+ Kc6 100. Rc8+ Kb5 101. Rc1 Rg5+ 102. Kd4 Rh5 103. Be5 Rh4+ 104. Kd5 Rh5 105. Rb1+ Ka5 106. Rb8 1/2-1/2


[Site "https://www.chess.com"]

[Event "Titled Tuesday Blitz August 15 Early 2023"]
[White "Fedoseev, Vladimir"]
[Black "Matlakov, Maxim"]
[WhiteFideId "24130737"]
[BlackFideId "4168003"]
[WhiteElo "3116"]
[BlackElo "2985"]
[Result "1-0"]
[Round "9"]
[TimeControl "180+1"]
[Date "2023.08.15"]
[WhiteClock "0:00:10"]
[BlackClock "0:00:00"]
[Board "2"]

1. Nf3 d5 2. g3 Nf6 3. Bg2 e6 4. O-O Be7 5. c4 O-O 6. d3 Nc6 7. Bf4 h6 8. Nc3 Nh5 9. cxd5 exd5 10. d4 Nxf4 11. gxf4 Bb4 12. Kh1 Ne7 13. Rg1 Bf5 14. Qb3 Bxc3 15. bxc3 Rb8 16. Ne5 f6 17. Nf3 Qd6 18. e3 Kh8 19. c4 Be4 20. Nd2 Bxg2+ 21. Rxg2 c5 22. Nf3 dxc4 23. Qxc4 Rbc8 24. dxc5 Rxc5 25. Qe4 Rc7 26. Nd4 Rfc8 27. Rag1 Qd5 28. Qxd5 Nxd5 29. Ne6 Rc1 30. Rxg7 Rxg1+ 31. Kxg1 Re8 32. Rd7 Nxe3 33. fxe3 Rxe6 34. Rxb7 Rxe3 35. Rxa7 Re2 36. a4 Ra2 37. a5 Kg8 38. f5 h5 39. a6 h4 40. h3 Kf8 41. Kf1 Kg8 42. Ke1 Ra3 43. Kd2 Ra2+ 44. Kc3 Ra1 45. Kc4 Kf8 46. Kd5 Ra3 47. Ke6 1-0


[Site "https://www.chess.com"]

[Event "Titled Tuesday Blitz August 15 Early 2023"]
[White "Aronian, Levon"]
[Black "Korobov, Anton"]
[WhiteFideId "13300474"]
[BlackFideId "14105730"]
[WhiteElo "3054"]
[BlackElo "3029"]
[Result "1-0"]
[Round "9"]
[TimeControl "180+1"]
[Date "2023.08.15"]
[WhiteClock "0:00:06"]
[BlackClock "0:00:01"]
[Board "3"]

1. e4 c5 2. Nf3 d6 3. Bc4 Nf6 4. d3 Nc6 5. O-O Bg4 6. h3 Bh5 7. g4 Bg6 8. Nh2 e5 9. Nc3 Be7 10. f4 exf4 11. Bxf4 h5 12. g5 Nd7 13. h4 Nde5 14. Bb3 Qd7 15. Nd5 O-O-O 16. c3 Qh3 17. Bxe5 dxe5 18. Qe1 f6 19. Rf3 Qd7 20. gxf6 gxf6 21. Qf2 Bf7 22. Rf1 Be6 23. Kh1 Rhg8 24. Rg1 Rxg1+ 25. Qxg1 Bg4 26. Nxg4 hxg4 27. Rg3 f5 28. exf5 Qxf5 29. Nxe7+ Nxe7 30. Qxc5+ Nc6 31. Kg2 Kc7 32. Qf2 Qh5 33. Qf7+ Qxf7 34. Bxf7 e4 35. d4 Rf8 36. Bg6 Rf4 37. Re3 Ne7 38. Bxe4 Kd6 39. Kg3 Rf1 40. Kxg4 Rg1+ 41. Kh3 1-0


[Site "https://www.chess.com"]

[Event "Titled Tuesday Blitz August 15 Early 2023"]
[White "Vachier-Lagrave, Maxime"]
[Black "Makarian, Rudik"]
[WhiteFideId "623539"]
[BlackFideId "44105681"]
[WhiteElo "3131"]
[BlackElo "2974"]
[Result "0-1"]
[Round "9"]
[TimeControl "180+1"]
[Date "2023.08.15"]
[WhiteClock "0:00:00"]
[BlackClock "0:00:03"]
[Board "4"]

1. Nf3 Nf6 2. g3 b5 3. d3 Bb7 4. e4 e6 5. Nc3 b4 6. Ne2 d5 7. e5 Nfd7 8. d4 c5 9. c3 Nc6 10. Nf4 Qb6 11. a3 cxd4 12. cxd4 Be7 13. h4 Rc8 14. Be2 Ba6 15. Be3 Bxe2 16. Qxe2 Na5 17. O-O b3 18. Rac1 O-O 19. Nd2 Qb7 20. Qd3 a6 21. Rc3 Rxc3 22. Qxc3 Qb5 23. Rc1 Nb6 24. Qc7 Rc8 25. Qxc8+ Nxc8 26. Rxc8+ Bf8 27. h5 h6 28. Kg2 Qb7 29. Rc3 Be7 30. Nd3 Kh7 31. f3 Qb5 32. Kf2 Nc4 33. Rxb3 Qa4 34. Rc3 Nxe3 35. Kxe3 Qd1 36. Rc1 Qa4 37. g4 Bg5+ 38. f4 Bd8 39. Nc5 Qb5 40. b4 a5 41. Ndb3 axb4 42. a4 Qb8 43. a5 Qa7 44. Ra1 Bc7 45. Kd3 Qa8 46. a6 Bb6 47. f5 Qa7 48. fxe6 fxe6 49. Nxe6 Qf7 50. a7 Bxa7 51. Ra6 Qf1+ 0-1


[Site "https://www.chess.com"]

[Event "Titled Tuesday Blitz August 15 Early 2023"]
[White "Hakobyan, Aram"]
[Black "Firouzja, Alireza"]
[WhiteFideId "13306677"]
[BlackFideId "12573981"]
[WhiteElo "2959"]
[BlackElo "3102"]
[Result "0-1"]
[Round "9"]
[TimeControl "180+1"]
[Date "2023.08.15"]
[WhiteClock "0:00:00"]
[BlackClock "0:00:09"]
[Board "5"]

1. e4 c5 2. Nf3 d6 3. Bb5+ Nd7 4. g4 a6 5. Be2 b5 6. a4 b4 7. d4 cxd4 8. Nxd4 Bb7 9. f3 e6 10. g5 d5 11. exd5 Bxd5 12. c4 Bb7 13. Be3 Bc5 14. Nd2 e5 15. Nf5 Bxe3 16. Nxe3 Qxg5 17. Ndf1 e4 18. fxe4 Ngf6 19. Nd5 Nxe4 20. Qd4 Bxd5 21. cxd5 Ndf6 22. Rg1 Qh4+ 23. Ng3 Rc8 24. d6 O-O 25. d7 Rcd8 26. O-O-O Rxd7 27. Qxb4 Rc8+ 28. Bc4 Nd6 29. b3 Nxc4 30. Nf5 Ne5+ 0-1


[Site "https://www.chess.com"]

[Event "Titled Tuesday Blitz August 15 Early 2023"]
[White "Demidov, Mikhail"]
[Black "Shimanov, Aleksandr"]
[WhiteFideId "4197143"]
[BlackFideId "4198603"]
[WhiteElo "2947"]
[BlackElo "3029"]
[Result "1/2-1/2"]
[Round "9"]
[TimeControl "180+1"]
[Date "2023.08.15"]
[WhiteClock "0:00:12"]
[BlackClock "0:00:40"]
[Board "6"]

1. d4 Nf6 2. Nf3 g6 3. g3 Bg7 4. Bg2 O-O 5. O-O d5 6. c4 c6 7. cxd5 cxd5 8. Nc3 Nc6 9. Ne5 e6 10. Nxc6 bxc6 11. Bf4 Qa5 12. Qa4 Qb6 13. Rfc1 Nd7 14. e3 e5 15. dxe5 Nxe5 16. Qb3 Nd3 17. Nxd5 Nxc1 18. Nxb6 Nxb3 19. axb3 axb6 20. Rxa8 Be6 21. Rxf8+ Kxf8 22. Bd6+ Kg8 23. Bxc6 Bxb3 24. Bc7 Bxb2 25. Bxb6 h5 26. f4 Be6 27. Kf2 Bc3 28. Bd4 Bb4 29. Bf6 Bc5 30. Bg2 Bb6 31. Bf3 Bc5 32. Bd4 Bb4 33. Be2 Bd6 34. Bd3 Ba3 35. e4 Bb4 36. f5 Bd7 37. Kf3 Kh7 38. h3 Bc6 39. g4 hxg4+ 40. hxg4 gxf5 41. gxf5 Be7 42. Kg4 f6 43. Kf4 Bd6+ 44. Kf3 Kg7 45. Bc4 Bb7 46. Bd5 Ba6 47. Ke3 Bb5 48. Kf3 Ba6 49. Bb3 Bb5 50. Bd1 Ba6 51. Be2 Bb7 52. Bc4 Bc6 53. Be3 Be5 54. Bf2 Bb7 55. Bc5 Bc6 56. Bd5 Bb5 57. Be6 Ba6 58. Bd5 Bb5 59. Be3 Ba6 60. Bf4 Bxf4 61. Kxf4 Bb5 62. e5 fxe5+ 63. Kxe5 Kf8 64. f6 Ba4 65. Be6 Bb5 66. Bd5 Ba4 67. Be6 Bb5 68. Bd5 1/2-1/2


[Site "https://www.chess.com"]

[Event "Titled Tuesday Blitz August 15 Early 2023"]
[White "Zhigalko, Sergei"]
[Black "Bluebaum, Matthias"]
[WhiteFideId "13502956"]
[BlackFideId "24651516"]
[WhiteElo "2935"]
[BlackElo "3014"]
[Result "0-1"]
[Round "9"]
[TimeControl "180+1"]
[Date "2023.08.15"]
[WhiteClock "0:00:03"]
[BlackClock "0:01:15"]
[Board "7"]

1. e4 e6 2. d4 d5 3. e5 c5 4. c3 Nc6 5. Nf3 Nge7 6. Bd3 cxd4 7. O-O dxc3 8. Nxc3 Ng6 9. Re1 Be7 10. g3 O-O 11. h4 f5 12. exf6 Bxf6 13. Ng5 Bxg5 14. Bxg5 Qb6 15. Be3 Qxb2 16. Na4 Qf6 17. f4 e5 18. h5 Nxf4 19. gxf4 exf4 20. Bc5 Qg5+ 21. Kh1 Bg4 22. Qc2 Bf3+ 23. Kh2 Qg3# 0-1


[Site "https://www.chess.com"]

[Event "Titled Tuesday Blitz August 15 Early 2023"]
[White "Kovalenko, Igor"]
[Black "Martinez Alcantara, Jose Eduardo"]
[WhiteFideId "14117908"]
[BlackFideId "3805662"]
[WhiteElo "2942"]
[BlackElo "3010"]
[Result "0-1"]
[Round "9"]
[TimeControl "180+1"]
[Date "2023.08.15"]
[WhiteClock "0:00:04"]
[BlackClock "0:00:08"]
[Board "8"]

1. d4 Nf6 2. Nf3 e6 3. e3 b6 4. Bd3 Bb7 5. O-O g6 6. c4 Bg7 7. Nc3 O-O 8. e4 d6 9. Re1 c5 10. d5 Nbd7 11. a3 Re8 12. Rb1 a6 13. h3 Qc7 14. Bd2 Re7 15. Bg5 h6 16. Bf4 e5 17. Be3 Rf8 18. Qc1 Kh7 19. b4 Bc8 20. g4 Ng8 21. Kh2 Kh8 22. Rg1 Ndf6 23. bxc5 bxc5 24. Ne2 h5 25. g5 Nh7 26. Nh4 Ree8 27. Qb2 Qe7 28. Qb6 Bh6 29. Nf3 Bg7 30. Rg3 Rd8 31. Nh4 Rfe8 32. Bd2 Nf8 33. Rbg1 Rd7 34. Qb2 Rb7 35. Qc2 Bd7 36. Rb1 Reb8 37. Rxb7 Rxb7 38. Rg1 Qd8 39. Nc3 Qc8 40. Rg3 Kh7 41. Nf3 Qb8 42. Bc1 Ne7 43. Bf1 Nc8 44. h4 Nb6 45. Nd2 Kg8 46. Bh3 Be8 47. Re3 Kh8 48. f3 f6 49. Re1 fxg5 50. hxg5 Nh7 51. Rg1 Qd8 52. Nf1 Rf7 53. Qe2 Bd7 54. Bxd7 Qxd7 55. Be3 Bf8 56. Nd2 Be7 57. Qg2 Na4 58. Nd1 Kg7 59. Qh3 Qd8 60. Qg3 Qb6 61. Qh3 Nb2 62. Nf2 Qa5 63. Rc1 Qxa3 64. f4 Nd3 65. Nxd3 Qxd3 66. fxe5 dxe5 67. Rf1 Rxf1 68. Nxf1 Bxg5 69. Qd7+ Kh6 70. Bxg5+ Nxg5 71. Kg1 Nh3+ 72. Kg2 Nf4+ 73. Kg1 Qf3 74. Qg4 Qxg4+ 0-1


[Site "https://www.chess.com"]

[Event "Titled Tuesday Blitz August 15 Early 2023"]
[White "Andreikin, Dmitry"]
[Black "Donchenko, Alexander"]
[WhiteFideId "4158814"]
[BlackFideId "24603295"]
[WhiteElo "3004"]
[BlackElo "2914"]
[Result "1-0"]
[Round "9"]
[TimeControl "180+1"]
[Date "2023.08.15"]
[WhiteClock "0:00:05"]
[BlackClock "0:00:04"]
[Board "9"]

1. d4 Nf6 2. c4 g6 3. Nc3 Bg7 4. e4 d6 5. h3 O-O 6. Be3 Nc6 7. d5 Ne5 8. f4 Ned7 9. Bd3 c6 10. Nf3 a6 11. O-O cxd5 12. cxd5 b5 13. Bd4 Bb7 14. a3 Rc8 15. Qe1 Nc5 16. Bc2 Nh5 17. Bxg7 Kxg7 18. Qe3 Qb6 19. Nd4 Nf6 20. Rae1 Kg8 21. Kh2 b4 22. axb4 Qxb4 23. Rb1 a5 24. Rfd1 Rfe8 25. Qg3 e6 26. Qh4 Nh5 27. dxe6 Nxe6 28. Nde2 Qc5 29. Ba4 Red8 30. Bb3 Qe3 31. f5 Nef4 32. Nxf4 Qxf4+ 33. Qxf4 Nxf4 34. Rf1 g5 35. h4 h6 36. hxg5 hxg5 37. Kg3 Nh5+ 38. Kg4 Nf6+ 39. Kxg5 Kg7 40. g4 Bxe4 41. Ra1 d5 42. Rxa5 d4 43. Ra7 Rf8 44. Nb5 Rb8 45. Nxd4 Nh7+ 46. Kf4 Bd3 47. Ne6+ Kg8 48. Nxf8 Bxf1 49. Nxh7 Rxb3 50. Nf6+ Kg7 51. Nh5+ Kg8 52. Kg5 Rb4 53. Ra8+ Kh7 54. Nf6+ Kg7 55. Rg8# 1-0


[Site "https://www.chess.com"]

[Event "Titled Tuesday Blitz August 15 Early 2023"]
[White "Le, Tuan Minh"]
[Black "Materia, Marco"]
[WhiteFideId "12401153"]
[BlackFideId "45150451"]
[WhiteElo "2994"]
[BlackElo "2812"]
[Result "1-0"]
[Round "9"]
[TimeControl "180+1"]
[Date "2023.08.15"]
[WhiteClock "0:01:36"]
[BlackClock "0:00:51"]
[Board "10"]

1. d4 Nf6 2. Nf3 d5 3. Bf4 c5 4. c3 cxd4 5. cxd4 Bf5 6. Nc3 e6 7. Qb3 Qb6 8. e3 Be7 9. Qxb6 axb6 10. Bb5+ Nc6 11. Ne5 O-O-O 12. Nxf7 Nh5 13. Bg3 Nb4 14. O-O Nxg3 15. hxg3 Kb8 16. a3 Nc6 17. Rac1 Na5 18. Nxh8 Rxh8 19. Na4 Bd8 20. Rc3 Ka7 21. Rfc1 h5 22. Rc8 e5 23. dxe5 Bxc8 24. Rxc8 Rf8 25. Nc3 Nc6 26. Bxc6 bxc6 27. Rxc6 Re8 28. f4 Kb7 29. Rg6 Re7 30. Nxd5 Rd7 31. e4 h4 32. e6 Rd6 33. Rxg7+ Ka6 34. e7 Bxe7 35. Rxe7 hxg3 36. Rg7 Ka5 37. Rxg3 1-0


[Site "https://www.chess.com"]

[Event "Titled Tuesday Blitz August 15 Early 2023"]
[White "Dubov, Daniil"]
[Black "Lagarde, Maxime"]
[WhiteFideId "24126055"]
[BlackFideId "662399"]
[WhiteElo "3060"]
[BlackElo "2885"]
[Result "1/2-1/2"]
[Round "9"]
[TimeControl "180+1"]
[Date "2023.08.15"]
[WhiteClock "0:00:08"]
[BlackClock "0:00:15"]
[Board "11"]

1. e4 Nc6 2. Nc3 d6 3. d4 Nf6 4. Nf3 g6 5. Be2 Bg7 6. O-O O-O 7. h3 e5 8. dxe5 Nxe5 9. Nxe5 dxe5 10. Bc4 c6 11. a4 Qe7 12. Qe2 Be6 13. Be3 Nh5 14. Bxe6 Qxe6 15. Rfd1 Nf4 16. Qf1 f5 17. Bc5 Rf7 18. Rd6 Qe8 19. Be3 Bf8 20. Rdd1 Ne6 21. f3 f4 22. Bf2 a5 23. Qc4 Kg7 24. Rd2 Rd8 25. Rad1 Rxd2 26. Rxd2 Rd7 27. Nb1 Kf6 28. Rd3 Qd8 29. Nd2 Rxd3 30. cxd3 Bb4 31. Nb3 g5 32. Kf1 Qd6 33. d4 exd4 34. Nxd4 Nxd4 35. Bxd4+ Ke7 36. Ke2 Qe6 37. Kd3 Qd6 38. Kc2 h6 39. Bc3 Bxc3 40. Qxc3 b6 41. Qg7+ Kd8 42. Qg8+ Kc7 43. Qc4 Qe5 44. Qc3 Qd6 45. Qg7+ Kc8 46. Qc3 Kc7 47. Qd2 Qc5+ 48. Kb3 Qe5 49. Qc3 Qe6+ 50. Kc2 Qd6 1/2-1/2


[Site "https://www.chess.com"]

[Event "Titled Tuesday Blitz August 15 Early 2023"]
[White "Bacrot, Etienne"]
[Black "Naroditsky, Daniel"]
[WhiteFideId "605506"]
[BlackFideId "2026961"]
[WhiteElo "2876"]
[BlackElo "3177"]
[Result "1-0"]
[Round "9"]
[TimeControl "180+1"]
[Date "2023.08.15"]
[WhiteClock "0:00:09"]
[BlackClock "0:00:02"]
[Board "12"]

1. e4 Nf6 2. Nc3 d5 3. exd5 Nxd5 4. Bc4 Nb6 5. Bb3 c5 6. d3 Nc6 7. Nf3 Bf5 8. O-O e6 9. a4 a6 10. a5 Nd7 11. Ba4 Rc8 12. Bxc6 Rxc6 13. d4 cxd4 14. Nxd4 Rd6 15. Bf4 e5 16. Re1 f6 17. Bg3 Be6 18. Nxe6 Rxd1 19. Rexd1 Qc8 20. Ne4 Qc6 21. Nxf8 Rxf8 22. f3 Nc5 23. Nd6+ Ke7 24. Nf5+ Kf7 25. Rd6 Qc8 26. Ne3 Rd8 27. Rb6 Ne6 28. Bf2 Rd2 29. c3 Qd7 30. Re1 Nf4 31. Nc4 Rc2 32. Rxb7 Qxb7 33. Nd6+ Ke6 34. Nxb7 Rxb2 35. Nc5+ Kf5 36. Nxa6 Ra2 37. Nb4 Rxa5 38. Be3 Ne6 39. g4+ Kg6 40. Kf2 Ra3 41. Rc1 Rb3 42. Rc2 h5 43. h3 f5 44. gxf5+ Kxf5 45. Nd5 g5 46. c4 g4 47. hxg4+ hxg4 48. fxg4+ Ke4 49. Nf6+ Kd3 50. Rd2+ Kxc4 51. g5 Rb8 52. Rd6 Ng7 53. Kf3 Nf5 54. Re6 Rb3 55. Rxe5 Nh4+ 56. Kg4 Ng6 57. Re6 Kd3 58. Kh5 Nf8 59. Re8 Rb5 60. Rxf8 Kxe3 61. Rg8 Kf4 62. Kh6 Kf5 63. Nh5 Kg4 64. Nf6+ Kf5 65. Rf8 Rb6 66. g6 Rb1 67. Nh5+ Ke6 68. g7 Ke7 69. g8=Q Kd6 70. Qg6+ Kc5 71. Qxb1 Kc4 72. Rc8+ 1-0


[Site "https://www.chess.com"]

[Event "Titled Tuesday Blitz August 15 Early 2023"]
[White "So, Wesley"]
[Black "Ozen, Deniz"]
[WhiteFideId "5202213"]
[BlackFideId "6349196"]
[WhiteElo "3121"]
[BlackElo "2856"]
[Result "1-0"]
[Round "9"]
[TimeControl "180+1"]
[Date "2023.08.15"]
[WhiteClock "0:00:28"]
[BlackClock "0:00:04"]
[Board "13"]

1. b3 d5 2. Bb2 Bg4 3. Nf3 Bxf3 4. exf3 Nd7 5. f4 Ngf6 6. Qe2 c6 7. g3 g6 8. Bg2 Bg7 9. d4 O-O 10. O-O Re8 11. c4 e6 12. Rd1 a6 13. Nd2 Qc7 14. Rac1 Rad8 15. h4 Qb6 16. Nf3 a5 17. Ne5 a4 18. c5 Qc7 19. b4 Ra8 20. a3 Qd8 21. b5 Nxe5 22. fxe5 Nd7 23. Bc3 f5 24. Rb1 Qc7 25. h5 g5 26. h6 Bxh6 27. Qh5 Kg7 28. Bd2 Nf8 29. Bxg5 Bxg5 30. Qxg5+ Ng6 31. Rb4 Qf7 32. Rdb1 Re7 33. f4 h6 34. Qh5 Nh8 35. Bf3 Qxh5 36. Bxh5 Nf7 37. Kf2 Nd8 38. Bd1 Kg6 39. Rxa4 Rc8 40. Ra7 Rg7 41. a4 h5 42. Be2 Kh6 43. Rh1 cxb5 44. Bxh5 Re7 45. axb5 Kg7 46. Bf3 Rec7 47. g4 b6 48. cxb6 Rxa7 49. bxa7 Rc2+ 50. Kg3 Ra2 51. b6 Nf7 52. gxf5 Nh6 53. f6+ Kg6 54. Rxh6+ Kxh6 55. Bg4 Ra3+ 56. Kh4 Kg6 57. Bxe6 Ra4 58. Kg4 Kh6 59. Kf5 Kh7 60. Bxd5 Rxd4 61. a8=Q Rxf4+ 62. Kxf4 1-0


[Site "https://www.chess.com"]

[Event "Titled Tuesday Blitz August 15 Early 2023"]
[White "Lazavik, Denis"]
[Black "Kukhmazov, Arsen"]
[WhiteFideId "13515110"]
[BlackFideId "24108260"]
[WhiteElo "3045"]
[BlackElo "2853"]
[Result "0-1"]
[Round "9"]
[TimeControl "180+1"]
[Date "2023.08.15"]
[WhiteClock "0:00:04"]
[BlackClock "0:00:11"]
[Board "14"]

1. d4 d5 2. c4 c6 3. Nf3 Nf6 4. Qc2 g6 5. cxd5 cxd5 6. Bf4 Nc6 7. Nc3 a6 8. e3 Bg7 9. Be2 O-O 10. O-O Bf5 11. Qb3 Na5 12. Qb4 Re8 13. Rfc1 Bf8 14. Qa4 b5 15. Qd1 Qb6 16. h3 h5 17. Ne5 Rec8 18. g4 hxg4 19. hxg4 Be6 20. b3 Nc6 21. Nd3 Ne4 22. Nxe4 dxe4 23. Nc5 Bd5 24. a4 Rd8 25. axb5 axb5 26. Rxa8 Rxa8 27. Nd7 Qa5 28. Rc5 e6 29. Nxf8 Kxf8 30. Bxb5 Nb4 31. Ba4 Qd8 32. Bg3 Nd3 33. Rc3 Qg5 34. Bb5 Kg8 35. Bxd3 exd3 36. Rxd3 Ra2 37. Rc3 Qh6 38. Bh2 Qh3 39. Qf1 Qf3 40. Rc8+ Kh7 0-1


[Site "https://www.chess.com"]

[Event "Titled Tuesday Blitz August 15 Early 2023"]
[White "Klukin, Kirill"]
[Black "Grischuk, Alexander"]
[WhiteFideId "24199273"]
[BlackFideId "4126025"]
[WhiteElo "2825"]
[BlackElo "3038"]
[Result "1/2-1/2"]
[Round "9"]
[TimeControl "180+1"]
[Date "2023.08.15"]
[WhiteClock "0:00:08"]
[BlackClock "0:00:12"]
[Board "15"]

1. d4 e6 2. Nf3 c5 3. e3 Nf6 4. Bd3 d5 5. b3 Nbd7 6. Bb2 b6 7. O-O Bb7 8. Nbd2 Be7 9. Qe2 O-O 10. e4 dxe4 11. Nxe4 Nxe4 12. Bxe4 Bxe4 13. Qxe4 Rc8 14. Rfd1 Nf6 15. Qe2 Qc7 16. c4 Rfd8 17. dxc5 Bxc5 18. Bxf6 gxf6 19. Qe4 Rxd1+ 20. Rxd1 Rd8 21. Rxd8+ Qxd8 22. g3 f5 23. Qf4 a5 24. Kg2 Kg7 25. h4 Qf6 26. Qc7 Qb2 27. Qe5+ Qxe5 28. Nxe5 Kf6 29. Nd7+ Ke7 30. Nxc5 bxc5 31. Kf3 e5 32. Ke3 Ke6 33. f3 h5 34. a3 Ke7 35. Kd3 Ke6 36. Ke3 Ke7 37. Kd3 Ke6 38. Ke3 1/2-1/2


[Site "https://www.chess.com"]

[Event "Titled Tuesday Blitz August 15 Early 2023"]
[White "Duda, Jan-Krzysztof"]
[Black "Yanchenko, Roman"]
[WhiteFideId "1170546"]
[BlackFideId "4137329"]
[WhiteElo "3034"]
[BlackElo "2792"]
[Result "1-0"]
[Round "9"]
[TimeControl "180+1"]
[Date "2023.08.15"]
[WhiteClock "0:01:30"]
[BlackClock "0:00:02"]
[Board "16"]

1. e4 e6 2. c3 d5 3. e5 c5 4. f4 Qb6 5. Nf3 h5 6. d4 Bd7 7. Bd3 Bb5 8. f5 Bxd3 9. Qxd3 c4 10. Qc2 Ne7 11. fxe6 Qxe6 12. O-O Qg6 13. Qe2 Nbc6 14. Ng5 Nd8 15. b3 cxb3 16. axb3 h4 17. Na3 Rh5 18. Nb5 Kd7 19. Nxf7 Ne6 20. Nbd6 a6 21. Nxb7 h3 22. Rf2 Nc6 23. Qf3 hxg2 24. Qxd5+ Kc7 25. Nbd6 Rxh2 26. Rxg2 Rxg2+ 27. Qxg2 Qxg2+ 28. Kxg2 Ncxd4 29. cxd4 Nxd4 30. Be3 Ne6 31. Kf3 Kd7 32. Ke4 Be7 33. Kf5 Nc7 34. Rd1 Rf8 35. e6+ Kc6 36. Rc1+ Kd5 37. Rc5# 1-0


[Site "https://www.chess.com"]